AoeStats
← GAX | Huns N' Roses

African Clearing

505769997Analyzed
4v4 RM · 21d ago on Sep 11, 2026· 43m 10s· 8 players
Game mode
Random Map
Map size
Large (8 player)
Population
200
Speed
Normal
Resources
Standard
Victory
Conquest
Starting age
Dark Age
Ending age
Imperial Age
RankedLock teamsTeams togetherTeam positionsShared explorationLock speedFull tech treeHidden civsTurbo modeCheats
Victory
Defeat
🇩🇪 Khmer · Germany
1656
+12
🇧🇷 Mapuche · Brazil
1576
+15
🇦🇺 Shu · Australia
1553
+16
🇻🇳 Bulgarians · Vietnam
1504
+18
🇧🇷 Chinese · Brazil
1675
-20
🇧🇷 Maya · Brazil
1671
-20
🇧🇷 Vietnamese · Brazil
1443
-11
🇧🇷 Poles · Brazil
1421
-10
Willox
10:14 Feudal Age
11:01 Double-Bit Axe
14:38 Horse Collar
16:49 Loom
20:17 Castle Age
19:08 Scale Barding Armor
19:16 Bloodlines
19:59 Forging
20:55 Light Cavalry
21:59 Heavy Plow
22:02 Husbandry
24:25 Iron Casting
24:33 Town Watch
26:26 Chain Barding Armor
27:08 Fletching
31:21 Wheelbarrow
40:26 Imperial Age
39:41 Bodkin Arrow
41:42 Plate Barding Armor
40:29 Cavalier
41:56 Bracer
42:59 Blast Furnace
PEPPA
10:45 Loom
12:47 Feudal Age
16:59 Castle Age
15:32 Double-Bit Axe
16:51 Fletching
17:18 Crossbowman
21:56 Bodkin Arrow
22:50 Horse Collar
25:59 Bow Saw
27:24 Padded Archer Armor
28:40 Ballistics
30:37 Leather Archer Armor
30:29 Thumb Ring
31:14 Wheelbarrow
31:29 Heavy Plow
36:25 Imperial Age
35:15 Squires
35:16 Scale Mail Armor
35:38 Gold Mining
35:43 Stone Mining
36:51 Chain Mail Armor
37:13 Bracer
38:24 Chemistry
37:00 Arbalester
39:24 Plate Mail Armor
39:24 Ring Archer Armor
40:01 Bolt Magazine
41:43 Conscription
43:12 Hand Cart
Voxer El Brazilian
4:20 Loom
13:34 Feudal Age
22:54 Castle Age
21:33 Double-Bit Axe
22:28 Fletching
28:31 Bodkin Arrow
35:10 Padded Archer Armor
Eagles_SlGiap
5:26 Loom
13:36 Feudal Age
18:04 Castle Age
18:29 Wheelbarrow
30:46 Scale Barding Armor
31:55 Fletching
32:46 Husbandry
34:08 Horse Collar
34:13 Double-Bit Axe
39:53 Imperial Age
37:39 Gold Mining
38:27 Heavy Plow
38:44 Forging
39:20 Bloodlines
40:04 Chain Barding Armor
40:19 Iron Casting
40:04 Cavalier
41:20 Plate Barding Armor
41:54 Hand Cart
43:22 Blast Furnace
43:32 Gold Shaft Mining
PNLN | leomota21
3:36 Loom
13:19 Feudal Age
19:26 Castle Age
17:47 Double-Bit Axe
17:56 Gold Mining
19:00 Town Watch
19:51 Wheelbarrow
20:40 Bow Saw
28:53 Horse Collar
42:14 Fletching
PNLN | EAZY Magro
3:38 Loom
5:12 Loom
12:59 Feudal Age
13:39 Double-Bit Axe
14:26 Horse Collar
16:50 Wheelbarrow
17:25 Town Watch
18:52 Forging
25:13 Castle Age
26:47 Stone Mining
GAX | Subzeroaoe
10:33 Loom
12:20 Feudal Age
10:39 Loom
12:32 Feudal Age
16:40 Castle Age
15:05 Double-Bit Axe
15:01 Horse Collar
15:44 Gold Mining
16:23 Bloodlines
21:30 Bow Saw
28:01 Stone Mining
28:50 Wheelbarrow
28:01 Town Watch
29:16 Gold Shaft Mining
28:47 Heavy Plow
30:46 Stone Shaft Mining
30:46 Scale Barding Armor
31:09 Forging
31:47 Husbandry
32:47 Hand Cart
33:21 Chain Barding Armor
39:26 Imperial Age
37:29 Fletching
38:43 Ballistics
39:15 Bodkin Arrow
39:20 Padded Archer Armor
GAX | Huns N' Roses
3:28 Loom
16:07 Feudal Age
20:33 Castle Age
19:29 Double-Bit Axe
21:44 Fletching
24:39 Bodkin Arrow
31:19 Ballistics
32:50 Wheelbarrow
32:59 Horse Collar
36:33 Imperial Age
37:52 Conscription
40:01 Bracer
40:55 Padded Archer Armor
44:23 Chemistry
43:52 Leather Archer Armor
Connection lost

Rejoining the realm…

Still unreachable

The connection could not be restored.

Session expired

The server has moved on; the page needs a fresh start.